 Dungeon Crawl Stone Soup version 0.30-a0-54-g2e61a25929 (webtiles) character file.

Game seed: 873331856337238155

44 Gentlefood the Trooper (level 3, -3/33 HPs)
             Began as a Draconian Berserker on Sept 7, 2022.
             Was a Believer of Trog.
             Killed from afar by Sigmund (8 damage)
             ... with a puff of flame
             ... on level 2 of the Dungeon.
             The game lasted 00:02:41 (947 turns).

Gentlefood the Trooper (Draconian Berserker)         Turns: 947, Time: 00:02:41

Health: -3/33      AC:  6    Str: 21    XL:     3   Next: 39%
Magic:  3/3        EV: 10    Int:  7    God:    Trog [**....]
Gold:   71         SH:  0    Dex: 10    Spells: 2/2 levels left

rFire   . . .      SeeInvis .    a - +0 hand axe
rCold   . . .      Faith    .    i - +0 kite shield
rNeg    . . .      Spirit   .    (body armour unavailable)
rPois   .          Reflect  .    (helmet restricted)
rElec   .          Harm     .    (no cloak)
rCorr   .          Rampage  .    l - +0 pair of gloves
Will    +....                    (no boots)
Stlth   +.........               (no amulet)
HPRegen 0.11/turn                m - ring of willpower
MPRegen 0.08/turn                (no ring)

@: confused, on berserk cooldown, slowed, very slow
A: AC +5, unfitting armour, cold-blooded
a: Renounce Religion, Berserk, Trog's Hand


You were on level 2 of the Dungeon.
You worshipped Trog.
Trog was pleased with you.
You visited 1 branch of the dungeon, and saw 2 of its levels.

You collected 71 gold pieces.

Inventory:

Hand Weapons
 a - a +0 hand axe (weapon)
Missiles
 h - 8 poisoned darts (quivered)
Armour
 i - a +0 kite shield (worn)
 l - a +0 pair of gloves (worn)
Jewellery
 m - a ring of willpower (left hand)
Scrolls
 b - a scroll of teleportation {unknown}
 j - a scroll of identify {unknown}
 k - a scroll of poison {unknown}
Potions
 c - 2 potions of mutation {unknown}
 d - a potion of flight {unknown}
 e - 2 potions of curing {unknown}
 f - 2 potions of heal wounds {unknown}
 g - a potion of berserk rage {unknown}


   Skills:
 + Level 3.7 Fighting
 + Level 3.7 Axes
 + Level 3.1 Dodging
 + Level 0.1 Stealth
 + Level 0.3 Shields


You had 2 spell levels left.
You didn't know any spells.
Your spell library was empty.

Dungeon Overview and Level Annotations

Branches:
Dungeon (2/15)

Altars:

Annotations:
D:2 Sigmund


Innate Abilities, Weirdness & Mutations

Your plain brown scales are hard. (AC +5)
You cannot fit into any form of body armour.
You are cold-blooded and may be slowed by cold attacks.


Message History

You hear some strange, mumbled words.
A puff of flame appears from out of thin air!
You block the puff of flame. You block the adder's attack.
You miss something. You barely miss the adder. Something hits you!
The adder bites you but does no damage.
You hit something but do no damage. You tail-slap something.
You slash the adder!
You kill the adder!
Trog accepts your kill.
You feel the effects of Trog's Hand fading.
You barely miss something. You hit the ball python.
You kill the ball python!
Trog accepts your kill. Something hits you.
You miss something.
You hear some strange, mumbled words.
A magic dart appears from out of thin air!
The magic dart hits you.
You slash something!
Your tail-slap misses something.
You block something's attack.
You closely miss something. You closely miss something. Something hits you!
You closely miss something.
You are no longer berserk.
You are exhausted.
You feel yourself slow down.
Your skin stops crawling.
You feel less strong-willed.
You miss something.
Your tail-slap misses something.
Something hits you! Something hits you but does no damage.
You miss something.
You hear some strange, mumbled words.
You are confused.
You miss something. Something hits you but does no damage. Something hits you.
Something hits you.
* * * LOW HITPOINT WARNING * * *
You're too confused to move!
You hear some strange, mumbled words.
A puff of flame appears from out of thin air!
The puff of flame hits you!
You die...

##.##........####.# #
. ... #.##†.........#
.#.##.##.##.##.##.####
....#.......##.# .#
#..#.##.##.##.. .
.........>.##### ..
.#..†....#### .#
#.{†.$.......
#..@....#####
#......># ..........#
#..#....?...#
.....#######.# #.##.
## # #.


There were no monsters in sight!

Vanquished Creatures
  2 adders (D:2)
  A dart slug (D:1)
  4 ball pythons
  2 endoplasms (D:1)
  4 hobgoblins
  2 jackals (D:2)
  A quokka (D:1)
  4 bats
  2 kobolds (D:1)
  3 rats (D:1)
25 creatures vanquished.

Notes
Turn   | Place    | Note
-------+----------+-------------------------------------------
     0 | D:1      | Gentlefood the Draconian Berserker began the quest for the
                  | Orb.
     0 | D:1      | Reached XP level 1. HP: 19/19 MP: 1/1
   161 | D:1      | Found a faded altar of an unknown god.
   219 | D:1      | Reached XP level 2. HP: 26/26 MP: 2/2
   866 | D:2      | Reached ** piety under Trog
   921 | D:2      | Noticed Sigmund
   929 | D:2      | Reached XP level 3. HP: 33/33 MP: 3/3
   947 | D:2      | Killed from afar by Sigmund

Illustrated notes

Levels and vault maps discovered:
D:1:      lightli_iron_boxes, layout_loops_ring, ebering_ecumenical_altar_webs
D:2:      layout_loops_cross, uniq_sigmund

Skill      XL: |  1  2 |
---------------+-------+-----
Dodging        | 3 |  3.1
Fighting       | |  3.7
Axes           | |  3.7
Stealth        | |  0.1
Shields        | |  0.3

Action                   || total
-------------------------++-------
Melee: Hand axe          ||    66
       Tailslap          ||     8
Invok: Berserk           ||     1
       Trog's Hand       ||     1
 Stab: Sleeping          ||     1
Armor: Skin              ||    23
Dodge: Dodged            ||    37
Block: Kite shield       ||    19

Table legend: (Time is in decaauts)
 A = Elapsed time spent in this place.
 B = Non-inter-level travel time spent in this place.
 C = Inter-level travel time spent in this place.
 D = Time resting spent in this place.
 E = Time spent auto-exploring this place.
 F = Levels seen in this place.
 G = Mean time per level.
                   A        B        C        D        E       F      G
               +--------+--------+--------+--------+--------+-----+--------+
         Total |    964 |    948 |     16 |      0 |    666 |   2 |  482.0 |
       Dungeon |    964 |    948 |     16 |      0 |    666 |   2 |  482.0 |
               +--------+--------+--------+--------+--------+-----+--------+

Top non-repeatable levels by time:
     D:1: 772 daAuts
     D:2: 191 daAuts
